 Dungeon Crawl Stone Soup version 0.31-a0-803-g95b03c3367 (webtiles) character file.

Game seed: 15726345582998765238

40 senseless the Insei (level 3, -2/28 HPs)
             Began as a Demigod Shapeshifter on Sept 20, 2023.
             Slain by Sigmund
             ... wielding a +0 scythe
              (3 damage)
             ... on level 2 of the Dungeon.
             The game lasted 00:01:40 (952 turns).

senseless the Insei (Demigod Shapeshifter)           Turns: 952, Time: 00:01:40

Health: -2/28      AC:  2    Str: 21    XL:     3   Next: 14%
Magic:  0/5        EV: 12    Int: 12    God:
Gold:   57         SH:  0    Dex: 17    Spells: 2/2 levels left

rFire   . .          .
                       - Unarmed
rCold   . . .        (no shield)
rNeg    . . .        a - +0 animal skin
rPois   .            (helmet currently unavailable)
rElec   .            (cloak currently unavailable)
rCorr   .            (gloves currently unavailable)
SInv    .            (boots currently unavailable)
Will    .....        l - amulet of guardian spirit
Stlth   ++           p - +6 ring of strength
HPRegen 0.24/turn    (no ring)
MPRegen 0.09/turn

%: guardian spirit
@: beast-form, attractive
A: beast (slay +1), high MP 1, forlorn, divine attributes
a: Begin Untransformation


You were on level 2 of the Dungeon.
You were a hulking beast.
You visited 1 branch of the dungeon, and saw 2 of its levels.

You collected 57 gold pieces.

Inventory:

Missiles
 j - a throwing net
Armour
 a - a +0 animal skin (worn)
 m - a +0 helmet
 o - a +0 cloak
Jewellery
 l - an amulet of guardian spirit (around neck)
 p - a +6 ring of strength (left hand)
Talismans
 c - a beast talisman (active)
 d - a flux talisman
Scrolls
 f - a scroll of brand weapon {unknown}
 g - a scroll of fog {unknown}
 q - a scroll of identify {unknown}
Potions
 b - a potion of lignification
 e - 2 potions of attraction
 h - a potion of might {unknown}
 i - a potion of curing {unknown}
 k - a potion of cancellation {unknown}
 n - a potion of degeneration {unknown}


   Skills:
 + Level 1.6 Fighting
 + Level 2.3 Dodging
 + Level 3.0 Unarmed Combat
 + Level 3.0 Shapeshifting


You had 2 spell levels left.
You didn't know any spells.
Your spell library contained the following spells:

 Spells                   Type           Power      Damage    Failure   Level
 Apportation              Tloc           0%         N/A       32%         1
 Cigotuvi's Dreadful Rot  Necr/Pois/Air  0%         N/A       45%         2
 Jinxbite                 Hex            0%         N/A       45%         2
 Dispel Undead            Necr           0%         3d6       97%         4
 Alistair's Intoxication  Tmut/Pois      0%         N/A       100%        5
 Death Channel            Necr           0%         N/A       100%        6


Dungeon Overview and Level Annotations

Branches:
Dungeon (2/15)

Annotations:
D:2 Sigmund


Innate Abilities, Weirdness & Mutations

You are a hulking beast.
Your limbs bulge with bestial killing power. (Slay +1)
You have an increased reservoir of magic. (+10% MP)
You shall have no god before yourself.
Your divine heritage dramatically boosts your attributes as you level up.


Message History

You hit the kobold.
The kobold is severely wounded.
The kobold hits you with a +0 whip.
You hit the kobold.
You kill the kobold!
The frilled lizard barely misses you.
You punch the frilled lizard!
You kill the frilled lizard!
The hobgoblin hits you.
Things that are here:
a +0 whip; 2 stones; a kobold corpse You closely miss the hobgoblin.
Sigmund the Dreaded comes into view.
He is wielding a +0 scythe.
The hobgoblin barely misses you.
Sigmund shouts!
You punch the hobgoblin!
You kill the hobgoblin!
The bat misses you. The bat hits you but does no damage.
You hit the bat.
The bat is moderately wounded.
The bat hits you but does no damage. Sigmund says, "I'm your fate."
Sigmund mumbles some strange words.
Sigmund flickers and vanishes!
Deactivating autopickup; reactivate with Ctrl-A.
The bat hits you but does no damage. Something hits you.
Found a stone staircase leading up.
The bat barely misses you. Something hits you!
You hit something but do no damage. The bat hits you but does no damage.
You hit something. The bat hits you but does no damage. Something hits you.
You hit something. The bat barely misses you. Something hits you.
You hit something. The bat closely misses you.
You hit something. The bat misses you. Something hits you!
* * * LOW HITPOINT WARNING * * *
Unknown command.
It was a potion of attraction.
You feel attractive to monsters. The bat hits you but does no damage.
Something hits you.
You die...

...........#
###.###.##.#
........#.(#
###......#.#######
#######........#+#
##(#######.##
#.######...##
#...)##.....#
.......##...h.♣
..####.######{b.#
#.# ...# #.# .<.#
#.# ...# #.# ...#
#. .♣.. ....#


You could see a bat.

Vanquished Creatures
  An adder (D:2)
  A worm (D:2)
  A dart slug (D:1)
  4 endoplasms
  2 giant cockroaches
  A goblin (D:1)
  3 hobgoblins
  2 kobolds
  3 ball pythons
  3 bats
  2 frilled lizards
  2 rats (D:1)
25 creatures vanquished.

Notes
Turn   | Place    | Note
-------+----------+-------------------------------------------
     0 | D:1      | senseless the Demigod Shapeshifter began the quest for the
                  | Orb.
     0 | D:1      | Reached XP level 1. HP: 15/15 MP: 3/3
    76 | D:1      | Reached skill level 1 in Fighting
   250 | D:1      | Reached XP level 2. HP: 22/23 MP: 4/4
   841 | D:2      | Reached XP level 3. HP: 28/28 MP: 3/5
   941 | D:2      | Noticed Sigmund
   951 | D:2      | HP: 1/28 [something (8)]
   952 | D:2      | Slain by Sigmund

Illustrated notes

Levels and vault maps discovered:
D:1:      matt_arrival_spirals, layout_loops_ring, kennysheep_pointless_box
D:2:      layout_loops_ring, glass_columns_b, grunt_ministairs_15,
          corexii_corridor_pit, hangedman_decor_clover_reticule,
          uniq_crazy_yiuf_cottage, uniq_sigmund, uniq_robin

Skill      XL: |  1  2 |
---------------+-------+-----
Fighting       | 1 |  1.6
Dodging        | 2 |  2.3
Unarmed Combat | 3 |  3.0
Shapeshifting  | 3 |  3.0

Action                     || total
---------------------------++-------
  Melee: Unarmed           ||    56
         Punch             ||     1
    Use: Potion            ||     1
   Stab: Sleeping          ||     1
 Armour: Animal skin       ||    30
  Dodge: Dodged            ||    41

Table legend: (Time is in decaauts)
 A = Elapsed time spent in this place.
 B = Non-inter-level travel time spent in this place.
 C = Inter-level travel time spent in this place.
 D = Time resting spent in this place.
 E = Time spent auto-exploring this place.
 F = Levels seen in this place.
 G = Mean time per level.
                   A        B        C        D        E       F      G
               +--------+--------+--------+--------+--------+-----+--------+
         Total |    948 |    922 |     26 |      0 |    764 |   2 |  474.0 |
       Dungeon |    948 |    922 |     26 |      0 |    764 |   2 |  474.0 |
               +--------+--------+--------+--------+--------+-----+--------+

Top non-repeatable levels by time:
     D:1: 801 daAuts
     D:2: 147 daAuts
